 Dungeon Crawl Stone Soup version 0.20-a0-638-gd210ae2 (webtiles) character file.

107 Kiturien the Skirmisher (level 4, -1/41 HPs)
             Began as a Hill Orc Fighter on Feb 12, 2017.
             Slain by a kobold
             ... wielding a +0 short sword
              (4 damage)
             ... on level 3 of the Dungeon.
             The game lasted 00:05:10 (1404 turns).

Kiturien the Skirmisher (Hill Orc Fighter)          Turns: 1404, Time: 00:05:10

Health: -1/41      AC:  7    Str: 19    XL:     4   Next: 86%
Magic:  4/4        EV:  7    Int:  8    God:
Gold:   135        SH:  8    Dex: 10    Spells: 3/3 levels left

rFire    . . .     SeeInvis .   a - +0 war axe
rCold    . . .     Gourm    .   b - +0 scale mail
rNeg     . . .     Faith    .   c - +0 shield
rPois    .         Spirit   .   (no helmet)
rElec    .         Reflect  .   (no cloak)
rCorr    .         Harm     .   (no gloves)
MR       .....                  n - +0 pair of boots
Stlth    +.........             (no amulet)
Regen    0.2/turn               (no ring)
                                g - ring of stealth

@: heavily drained
A: no striking features
a: no special abilities


You were on level 3 of the Dungeon.
You were not hungry.

You visited 1 branch of the dungeon, and saw 3 of its levels.

You collected 135 gold pieces.

Inventory:

Hand Weapons
 a - a +0 war axe (weapon)
Armour
 b - a +0 scale mail (worn)
 c - a +0 shield (worn)
 n - a +0 pair of boots (worn)
Jewellery
 g - a ring of stealth (left hand)
Scrolls
 h - a scroll of immolation
 i - a scroll of teleportation {unknown}
 k - a scroll of identify
 m - a scroll of remove curse
Potions
 d - a potion of might
 e - a potion of curing
 o - a potion of brilliance {unknown}
Comestibles
 f - a bread ration
 j - 6 fruits
 l - 2 meat rations


   Skills:
 + Level 4.6(3.2) Fighting
 + Level 4.2(2.8) Axes
 + Level 3.7(2.3) Armour
 + Level 0.1(0.0) Stealth
 + Level 4.0(2.5) Shields


You had 3 spell levels left.
You didn't know any spells.

Dungeon Overview and Level Annotations

Branches:
Dungeon (3/15)

Altars:
Zin


Message History

You hit the kobold.
The jackal bites you but does no damage.
You block the jackal's attack.
The shadow imp shouts, "Out, out, thou puking sheep-biting flap-bat!"
You block the kobold's attack.
You slash the jackal!
You kill the jackal!
Your shield and scale mail prevent you from hitting the kobold.
The kobold hits you but does no damage.
The shadow imp hits you but does no damage.
The kobold hits you but does no damage.
Unknown command.
Your shield and scale mail prevent you from hitting the shadow imp.
The shadow imp is severely wounded.
You closely miss the kobold. The shadow imp gestures at you.
Pain shoots through your body!
* * * LOW HITPOINT WARNING * * *
The kobold hits you with an uncursed short sword.
You die...

#..# #.# ##.# #..#
#.###..# # ####
#..>..#####
###)....... #########
#...##### ........#
##..## #.. ........#
#...# #.# ........#
#.#.# .>.
.......@#######.#.#.##
.......K5((##(..#..
........#...()..#...
...............##.##.
..............?...# ##
..................#
..................#
..#...#.............
#.###..........##.


You could see a shadow imp and a kobold.

Vanquished Creatures
  4 adders
  An ooze (D:1)
  2 worms
  2 leopard geckos
  2 ball pythons
  4 giant cockroaches
  8 goblins
  8 hobgoblins
  5 jackals
  8 bats
  2 frilled lizards (D:2)
  5 kobolds
  7 rats
58 creatures vanquished.

Notes
Turn   | Place    | Note
-------+----------+-------------------------------------------
     0 | D:1      | Kiturien the Hill Orc Fighter began the quest for the Orb.
     0 | D:1      | Reached XP level 1. HP: 19/19 MP: 1/1
     1 | D:1      | Noticed a centaur
     1 | D:1      | Noticed a spriggan
     3 | D:1      | Noticed a merfolk zombie
    15 | D:1      | Noticed a formicid
   121 | D:1      | Reached XP level 2. HP: 23/27 MP: 2/2
   285 | D:1      | Reached XP level 3. HP: 25/33 MP: 3/3
   787 | D:2      | Found a glowing silver altar of Zin.
   872 | D:2      | Reached XP level 4. HP: 38/41 MP: 4/4
  1281 | D:2      | You fall through a shaft!
  1396 | D:3      | HP: 2/41 [shadow imp/nerve-wracking pain (6)]
  1404 | D:3      | Slain by a kobold

Vault maps used:
D:1:      shiori_arrival_whats_in_store_for_you, st_stairs_4
D:2:      lemuel_crystal_altar, serial_co_window_serial, co_window_corner_a,
          co_window_paths_a, co_window_paths_a, co_window_of_opportunity_a,
          co_window_paths_a, co_window_paths_a, co_window_paths_a,
          co_window_broadway_a, co_window_corner_b, co_window_broadway_b,
          co_window_corner_cb, co_window_of_opportunity_b, co_window_2corner,
          co_window_corner_b, co_window_paths_e, glass_columns_a,
          glass_columns_b, glass_columns_c, glass_columns_a, glass_columns_b,
          grunt_dithmenos_smoke
D:3:      marbit_many_paths

Skill      XL: |  1  2  3  4 |
---------------+-------------+-----
Axes           | 3 4 |  4.2
Fighting       | 4 |  4.6
Shields        | 4 |  4.0
Armour         | |  3.7
Stealth        | |  0.1

Action                   |  1- 3 |  4- 6 || total
-------------------------+-------+-------++-------
Melee: War axe           |    90 |    60 ||   150
  Use: Potion            |     3 |     2 ||     5
       Scroll            |     3 |       ||     3
  Eat: Chunk             |       |     2 ||     2
Armor: Scale mail        |    65 |    39 ||   104
Dodge: Dodged            |    32 |    27 ||    59
Block: Shield            |    59 |    33 ||    92
